Map: Apotheosis LE

Players

Orenda - Winner!

  • Race: Terran Terran
  • League: Gold

A.I. 1 (Elite)

  • Race: Protoss Protoss

VOD

Have the link to the VOD?

Description

Time

  • Played on: Oct. 20, 2016, 7:11 a.m.
  • Length: 14:54
Show
View Real Time Build Order
Export as new Build Order

Orenda Terran - Winner!

Build Orders: MMM Bio 

Get SALT Encoding   

  12  0:01  SCV  
  13  0:13  SCV  
  14  0:20  Supply Depot  
  14  0:25  SCV  
  15  0:42  SCV  
  16  0:45  Barracks  
  16  0:54  SCV  
  17  1:06  SCV  
  17  1:11  Refinery  
  18  1:18  SCV  
  19  1:26  Command Center, Unknown  
  19  1:32  Marine  
  20  1:42  Supply Depot  
  20  1:43  SCV  
  21  1:52  Marine  
  22  1:55  SCV  
  24  2:10  Orbital Command  
  23  2:15  Barracks Tech Lab  
  23  2:26  Barracks  
  23  2:27  Barracks  
  23  2:38  Unknown  
  23  2:49  Bunker  
  23  2:54  Marine  
  23  2:57  Stimpack  
  24  3:10  Orbital Command  
  24  3:12  Marine  
  25  3:15  Barracks Reactor x2  
  25  3:17  SCV  
  26  3:28  Supply Depot  
  26  3:29  SCV  
  27  3:37  Marauder  
  29  3:46  SCV x2  
  31  3:52  Supply Depot  
  31  3:53  Marine x2  
  31  3:54  Marine x2  
  35  3:58  SCV x2  
  35  3:59  Marauder  
  39  4:03  Supply Depot  
  39  4:10  SCV x2  
  39  4:13  Factory  
  41  4:20  Engineering Bay  
  41  4:22  SCV  
  41  4:23  SCV  
  41  4:24  Marine x2  
  45  4:34  SCV  
  45  4:35  SCV  
  47  4:47  SCV x2  
  49  4:59  SCV x2  
  51  5:03  Factory Reactor, Refinery  
  51  5:09  Starport  
  51  5:13  Marine  
  51  5:14  Marine x3  
  53  5:15  Barracks  
  53  5:16  Barracks  
  55  5:25  Marine  
  56  5:31  Marine x2, Refinery  
  58  5:38  Supply Depot  
  58  5:41  SCV x2  
  60  5:42  Supply Depot  
  60  5:43  Marauder  
  60  5:44  Terran Infantry Weapons Level 1  
  62  5:53  SCV x2  
  64  6:05  Marauder, SCV x2  
  68  6:11  Command Center, Unknown, Marine x4  
  68  6:12  Marine  
  68  6:13  Marine  
  68  6:17  SCV x2, Bunker  
  76  6:18  Medivac  
  76  6:19  Medivac  
  80  6:29  SCV  
  80  6:31  Armory  
  81  6:33  Barracks Tech Lab  
  81  6:38  Refinery  
  81  6:41  SCV  
  81  6:42  SCV, Supply Depot  
  81  6:43  Supply Depot  
  81  6:46  Supply Depot  
  83  6:53  SCV  
  83  6:54  SCV  
  85  7:04  Medivac x2  
  89  7:09  Marine x3  
  89  7:10  Marine x2  
  89  7:11  Marauder x2  
  98  7:21  Supply Depot  
  98  7:22  Supply Depot  
  98  7:23  Unknown  
  98  7:25  Engineering Bay, Refinery  
  98  7:29  Barracks Reactor  
  98  7:32  Marine  
  98  7:33  Marine x4  
  98  7:34  Medivac, Marine  
  106  7:38  SCV x2  
  106  7:41  Orbital Command  
  108  7:44  Supply Depot  
  108  7:47  Supply Depot  
  108  7:50  Marine x2  
  108  7:51  Marine x4  
  114  8:01  SCV x2  
  116  8:08  Marine  
  116  8:10  Terran Infantry Armor Level 1, Terran Infantry Weapons Level 2  
  116  8:11  Medivac x2  
  121  8:13  SCV x2  
  123  8:29  Barracks x3  
  123  8:39  Marine  
  123  8:40  Marauder x2, Marine  
  123  8:41  Marine x4  
  131  8:46  Command Center, Unknown  
  133  8:57  Marine  
  133  8:58  Medivac x2, Marine  
  133  9:02  Marauder x2  
  143  9:08  Refinery  
  143  9:16  Supply Depot  
  143  9:18  Supply Depot  
  143  9:19  Marine  
  143  9:20  Marine x8  
  143  9:21  Supply Depot  
  143  9:22  Supply Depot x2, Marine  
  143  9:23  Marauder  
  155  9:24  Supply Depot  
  155  9:29  Supply Depot  
  155  9:37  Marine  
  148  9:40  Supply Depot  
  148  9:41  Marauder  
  148  9:42  Concussive Shells  
  148  9:44  Supply Depot  
  148  9:45  Combat Shields  
  127  9:47  Supply Depot, Marine x4  
  127  9:48  Marauder, Marine  
  125  9:55  Marine  
  125  9:57  Barracks Tech Lab, Unknown  
  125  9:58  Barracks Reactor x2  
  114  10:02  Marauder  
  114  10:04  Marine  
  117  10:09  Marauder  
  119  10:14  Orbital Command  
  119  10:21  Refinery  
  119  10:23  Marauder, Marine x2  
  119  10:24  Marauder, Marine x3  
  119  10:27  SCV  
  119  10:28  SCV x2  
  131  10:31  Marauder  
  131  10:35  Medivac x2  
  135  10:40  SCV x3  
  135  10:41  Terran Infantry Weapons Level 3, Terran Infantry Armor Level 2  
  140  10:44  Marauder  
  140  10:45  Marauder  
  144  10:52  Marauder  
  144  10:56  Marine  
  147  10:57  Command Center, Unknown, Marine x3  
  147  10:58  Marine  
  151  11:04  SCV x2  
  151  11:06  Marauder x2  
  151  11:07  SCV x2  
  151  11:09  Marine  
  151  11:10  Marine x2  
  162  11:13  Marauder  
  162  11:16  SCV x2  
  166  11:27  Marauder  
  166  11:28  Marauder  
  170  11:48  Starport  
  168  11:55  Starport  
  167  12:05  Marine  
  167  12:06  Marine x12  
  180  12:09  Unknown  
  171  12:23  Marine  
  171  12:24  Marine x12  
  153  12:41  Marine x6  
  153  12:42  Marine x7  
  148  12:59  Marine x12  
  148  13:00  Marine  
  145  13:16  Marine  
  145  13:17  Marine x4  
  145  13:18  Marauder x3  
  135  13:39  Marauder x3  
  141  13:46  SCV x3  
  142  13:58  SCV  
  142  13:59  Medivac x2  
  142  14:01  Marauder x3  
  153  14:08  Marine x3  
  153  14:09  Marine x2  
  158  14:11  Orbital Command  
  158  14:22  Marauder x3  
  164  14:27  Marine x8  
  164  14:28  Marine x2  
  186  14:46  Barracks  
  186  14:48  Barracks x2  
  186  14:50  Barracks  
Show
View Real Time Build Order
Export as new Build Order

A.I. 1 (Elite) Protoss 

Build Orders: 1 Gate Expand, Zealot Archon 

Get SALT Encoding   

  12  0:01  Probe (Chrono Boost)  
  13  0:11  Probe (Chrono Boost)  
  14  0:19  Pylon  
  14  0:22  Probe (Chrono Boost)  
  15  0:38  Probe (Chrono Boost)  
  15  0:39  Gateway  
  16  0:48  Probe (Chrono Boost)  
  17  0:59  Probe (Chrono Boost)  
  18  1:09  Probe (Chrono Boost)  
  18  1:10  Assimilator  
  19  1:14  Pylon  
  19  1:20  Probe (Chrono Boost)  
  20  1:29  Nexus, Unknown  
  20  1:41  Cybernetics Core  
  20  1:44  Probe (Chrono Boost)  
  21  1:48  Zealot  
  23  2:05  Gateway  
  23  2:06  Probe (Chrono Boost)  
  24  2:15  Pylon  
  24  2:17  Probe (Chrono Boost)  
  24  2:20  Zealot  
  27  2:23  Warp Gate  
  27  2:28  Probe (Chrono Boost)  
  28  2:38  Assimilator  
  28  2:40  Probe (Chrono Boost), Unknown  
  28  2:41  Probe (Chrono Boost)  
  30  2:46  Adept  
  32  2:52  Adept  
  32  2:57  Probe (Chrono Boost)  
  35  3:03  Pylon  
  36  3:06  Probe (Chrono Boost)  
  36  3:11  Adept  
  36  3:18  Sentry  
  40  3:23  Probe (Chrono Boost)  
  40  3:25  Probe (Chrono Boost)  
  43  3:35  Probe (Chrono Boost)  
  43  3:36  Stalker  
  43  3:37  Probe (Chrono Boost)  
  43  3:40  Robotics Facility  
  46  3:46  Probe (Chrono Boost)  
  46  3:48  Adept  
  48  3:49  Probe (Chrono Boost)  
  50  3:58  Probe (Chrono Boost)  
  50  4:00  Probe (Chrono Boost)  
  52  4:04  Adept  
  52  4:08  Pylon  
  52  4:09  Probe (Chrono Boost)  
  55  4:11  Probe (Chrono Boost)  
  56  4:20  Probe (Chrono Boost)  
  56  4:22  Probe (Chrono Boost)  
  58  4:26  Stalker  
  58  4:28  Immortal  
  58  4:30  Pylon  
  65  4:32  Probe (Chrono Boost)  
  65  4:33  Probe (Chrono Boost)  
  66  4:39  Stalker  
  66  4:44  Probe (Chrono Boost)  
  66  4:45  Probe (Chrono Boost)  
  70  4:47  Robotics Facility  
  70  4:51  Stalker  
  71  4:55  Probe (Chrono Boost)  
  72  5:02  Probe (Chrono Boost), Immortal  
  72  5:06  Probe (Chrono Boost)  
  74  5:08  Pylon  
  74  5:11  Pylon  
  78  5:23  Assimilator  
  78  5:26  Twilight Council  
  78  5:27  Probe (Chrono Boost), Gateway  
  79  5:32  Assimilator  
  79  5:43  Zealot  
  79  5:46  Probe (Chrono Boost)  
  79  5:47  Probe (Chrono Boost)  
  79  5:48  Pylon  
  84  5:57  Probe (Chrono Boost)  
  84  5:58  Probe (Chrono Boost)  
  85  6:05  Templar Archives  
  85  6:08  Probe (Chrono Boost), Zealot x2  
  90  6:12  Pylon  
  90  6:21  Forge, Zealot  
  90  6:24  Nexus, Unknown  
  92  6:30  Stalker  
  94  6:34  Pylon  
  94  6:35  Stalker  
  96  6:40  Stalker  
  98  6:51  High Templar  
  98  6:52  Forge  
  100  6:55  High Templar, Protoss Ground Weapons Level 1  
  100  6:57  Pylon  
  102  7:01  Sentry  
  102  7:02  Pylon  
  102  7:03  Archon  
  104  7:09  Gateway  
  104  7:21  High Templar  
  106  7:23  Stalker  
  106  7:24  Photon Cannon  
  106  7:25  Photon Cannon  
  106  7:28  Pylon  
  108  7:31  High Templar  
  108  7:35  Unknown  
  110  7:37  Observer  
  110  7:38  Probe x2 (Chrono Boost)  
  110  7:39  Probe (Chrono Boost)  
  114  7:49  Probe (Chrono Boost)  
  114  7:51  Probe x2 (Chrono Boost)  
  117  7:52  Archon  
  117  7:53  High Templar  
  117  7:55  Nexus, Unknown, Assimilator  
  117  7:57  Assimilator, Pylon  
  119  8:00  Probe (Chrono Boost)  
  119  8:02  Probe (Chrono Boost)  
  119  8:03  Probe (Chrono Boost)  
  122  8:06  High Templar  
  122  8:08  Photon Cannon  
  122  8:11  Probe (Chrono Boost)  
  125  8:14  Probe (Chrono Boost)  
  125  8:15  Probe (Chrono Boost), Psionic Storm  
  127  8:22  Probe (Chrono Boost), Photon Cannon, Protoss Ground Armor Level 1  
  127  8:25  Probe (Chrono Boost)  
  127  8:26  Probe (Chrono Boost)  
  130  8:30  Photon Cannon  
  130  8:32  Archon  
  130  8:34  Probe (Chrono Boost)  
  130  8:36  Pylon  
  130  8:37  Probe x2 (Chrono Boost)  
  130  8:40  High Templar  
  134  8:45  Probe (Chrono Boost)  
  135  8:51  High Templar  
  135  8:55  Stalker  
  139  8:57  Photon Cannon  
  139  8:58  Stalker  
  139  8:59  Photon Cannon  
  141  9:07  Unknown  
  141  9:10  Stalker  
  141  9:11  Assimilator  
  141  9:16  Stalker, Archon  
  145  9:17  Pylon  
  145  9:20  Sentry, Warp Prism  
  145  9:21  High Templar, Assimilator  
  151  9:24  Archon  
  151  9:30  Photon Cannon  
  151  9:31  High Templar  
  153  9:37  Zealot  
  139  9:41  Zealot  
  139  9:43  Archon  
  119  9:49  Zealot  
  111  9:55  High Templar, Warp Prism  
  111  9:59  Sentry  
  117  10:00  Stalker  
  117  10:01  Gateway  
  119  10:07  Nexus, Unknown  
  119  10:08  Stalker  
  121  10:16  Blink  
  121  10:18  Protoss Ground Weapons Level 2  
  121  10:20  High Templar  
  123  10:21  Stalker  
  123  10:25  Stalker, Photon Cannon  
  127  10:28  Photon Cannon  
  127  10:29  Zealot  
  127  10:30  Immortal, Pylon  
  133  10:36  Archon  
  133  10:42  Stalker  
  135  10:45  Adept  
  135  10:48  Zealot  
  139  10:50  Stalker  
  139  10:51  Gateway  
  139  10:52  Immortal  
  139  10:53  Photon Cannon  
  139  10:55  Zealot  
  147  11:04  Stalker, Sentry  
  147  11:06  Forge, High Templar  
  147  11:08  Observer  
  147  11:11  Stalker  
  156  11:15  Adept  
  158  11:18  Unknown  
  158  11:21  Robotics Facility  
  158  11:25  Sentry  
  158  11:26  High Templar  
  158  11:28  Observer  
  158  11:30  Nexus, Unknown, Pylon  
  158  11:31  Assimilator  
  158  11:32  Sentry  
  165  11:33  Photon Cannon  
  165  11:37  Stargate  
  165  11:40  High Templar, Archon  
  165  11:46  Assimilator  
  167  11:52  Robotics Bay  
  167  11:53  High Templar  
  169  11:55  Photon Cannon  
  169  11:58  Pylon  
  169  12:01  Zealot x3  
  171  12:02  Zealot  
  171  12:05  Probe (Chrono Boost)  
  177  12:09  Zealot  
  163  12:20  Zealot x2  
  163  12:21  Probe (Chrono Boost)  
  163  12:22  High Templar  
  163  12:23  Probe (Chrono Boost)  
  163  12:24  High Templar  
  163  12:29  High Templar  
  121  12:31  Probe (Chrono Boost), High Templar  
  121  12:32  Probe (Chrono Boost)  
  121  12:34  Observer Gravitic Boosters  
  121  12:36  Probe (Chrono Boost)  
  107  12:42  Unknown  
  107  12:43  Probe (Chrono Boost)  
  107  12:44  Probe (Chrono Boost)  
  104  12:49  High Templar  
  88  12:53  High Templar  
  86  13:06  Nexus, Unknown  
  70  13:15  High Templar  
  29  13:37  Nexus, Unknown  
  24  14:03  Nexus, Unknown  
  23  14:18  Unknown  
Tags
 
Add a new tag
Caveats
  • Supply blocks, unpowered buildings, or Contaminate may cause inaccurate times.
  • Supply counts are checked every 10 seconds.